 Dungeon Crawl Stone Soup version 0.30.0-10-gfe55d96785 (webtiles) character file.

Game seed: 4459306073028822490

287050 Daunt the Peltast (level 22, -2/200 HPs)
             Began as a Meteoran Monk on May 14, 2023.
             Was the Champion of Qazlal.
             Killed from afar by a crystal guardian (40 damage)
             ... with a crystal bolt
             ... led by a peacekeeper
             ... on level 2 of the Vaults on May 15, 2023.
             The game lasted 04:15:10 (19417 turns).

Daunt the Peltast (Meteoran Monk)                  Turns: 19417, Time: 04:15:11

Health: -2/200     AC: 35    Str: 24    XL:     22   Next: 49%
Magic:  0/36       EV: 23    Int: 11    God:    Qazlal [******]
Gold:   1296       SH: 34    Dex: 25    Spells: 21/21 levels left

rFire   . . .        a - +5 eveningstar (spect)
rCold   . . .        b - +2 tower shield
rNeg    . . .        V - +3 plate armour {rPois}
rPois   +            Z - +0 hat {SInv}
rElec   +            R - +2 cloak {Stlth+}
rCorr   .            N - +0 pair of fencer's gloves {Riposte Dex+3}
SInv    +            i - +1 pair of boots "Elyf" {rElec}
Will    +++..        z - amulet of guardian spirit Stlth
                     r - ring of Nabonwuz {Will+ AC+4 Dex+3}
HPRegen 0.53/turn    Q - +5 ring of evasion
MPRegen 0.25/turn

%: repel missiles, guardian spirit
@: lethally poisoned (-2 -> -4), protected from physical damage, glowing
A: sense surroundings 3, otherworldly, glowing, explore regen
}: 2/15 runes: decaying, gossamer
a: Renounce Religion, Upheaval, Elemental Force, Disaster Area


You were on level 2 of the Vaults.
You worshipped Qazlal.
Qazlal was exalted by your worship.
You visited 8 branches of the dungeon, and saw 35 of its levels.
You also visited: Ossuary, Bailey, Ice Cave and Volcano.

You collected 3692 gold pieces.
You spent 2396 gold pieces at shops.

Inventory:

Hand Weapons
 a - a +5 spectral eveningstar (weapon)
Missiles
 c - 4 silver javelins
 f - 2 throwing nets
 g - 2 boomerangs of dispersal
 k - 4 silver boomerangs
 o - 9 stones
 u - 22 boomerangs (quivered)
 F - 37 poisoned darts
Armour
 b - a +2 tower shield (worn)
 i - the +1 pair of boots "Elyf" (worn) {rElec}
   (You acquired it on level 4 of the Swamp)

   rElec:     It insulates you from electricity.
 N - the +0 pair of fencer's gloves (worn) {Riposte Dex+3}
   (You bought it in a shop on level 2 of the Orcish Mines)

   Riposte:   It allows the wearer to riposte with melee weapons, swiftly
   retaliating against missed or blocked melee attacks.
   Dex:       It affects your dexterity (+3).
 R - a +2 cloak of stealth (worn)
 V - a +3 plate armour of poison resistance (worn)
 Z - a +0 hat of see invisible (worn)
Jewellery
 r - the ring of Nabonwuz (left hand) {Will+ AC+4 Dex+3}
   (You found it on level 12 of the Dungeon)

   [ring of protection]

   AC:        It affects your AC (+4).
   Dex:       It affects your dexterity (+3).
   Will:      It increases your willpower.
 z - an amulet of guardian spirit (around neck)
 I - the ring "Foegouti" {rPois rC+ Str+3 Int+4 Stlth-}
   (You found it in an ice cave)

   [ring of protection from cold]

   Str:       It affects your strength (+3).
   Int:       It affects your intelligence (+4).
   rC:        It protects you from cold.
   rPois:     It protects you from poison.
   Stlth:     It makes you less stealthy.
 Q - a +5 ring of evasion (right hand)
Wands
 h - a wand of paralysis (21)
 s - a wand of acid (10)
 w - a wand of polymorph (19)
 B - a wand of mindburst (32)
 D - a wand of digging (11)
 T - a wand of flame (41)
 Y - a wand of iceblast (5)
Scrolls
 e - 11 scrolls of teleportation
 l - 3 scrolls of poison
 m - 4 scrolls of magic mapping
 n - 5 scrolls of butterflies
 q - 7 scrolls of fog
 x - 3 scrolls of blinking
 E - 5 scrolls of enchant armour
 L - 4 scrolls of immolation
 O - a scroll of silence
 P - 8 scrolls of fear
Potions
 p - 9 potions of ambrosia
 t - 2 potions of brilliance
 v - 8 potions of heal wounds
 y - 6 potions of haste
 A - 6 potions of lignification
 G - 13 potions of curing
 H - 3 potions of resistance
 K - 2 potions of cancellation
 M - 5 potions of attraction
 S - 5 potions of flight
 U - 7 potions of mutation
 W - 4 potions of might
Miscellaneous
 j - a tin of tremorstones (inert)
 C - a phial of floods
 J - a box of beasts


   Skills:
 * Level 17.6 Fighting
 - Level 14.0 Maces & Flails
 + Level 11.5 Throwing
 + Level 16.2 Armour
 - Level 15.7 Dodging
 - Level 20.0 Shields
 + Level 19.8 Invocations
 + Level 11.5 Evocations


You had 21 spell levels left.
You didn't know any spells.
Your spell library contained the following spells:

 Spells                   Type           Power      Damage    Failure   Level
 Necrotise                Necr           0%         1d4       99%         1
 Shock                    Conj/Air       0%         1d3       99%         1
 Summon Small Mammal      Summ           0%         N/A       99%         1
 Blink                    Tloc           0%         N/A       100%        2
 Cigotuvi's Dreadful Rot  Necr/Pois/Air  0%         N/A       100%        2
 Ensorcelled Hibernation  Hex/Ice        0%         N/A       100%        2
 Lesser Beckoning         Tloc           0%         N/A       100%        2
 Momentum Strike          Conj/Tloc      0%         3d8       100%        2
 Passwall                 Tmut/Erth      0%         N/A       100%        2
 Scorch                   Fire           0%         2d5       100%        2
 Call Canine Familiar     Summ           0%         N/A       100%        3
 Dazzling Flash           Conj/Hex       0%         N/A       100%        3
 Frozen Ramparts          Ice            0%         1d1       100%        3
 Ignite Poison            Fire/Tmut/Pois 0%         N/A       100%        3
 Summon Guardian Golem    Hex/Summ       0%         N/A       100%        3
 Swiftness                Air            0%         N/A       100%        3
 Vampiric Draining        Necr           0%         2d6       100%        3
 Airstrike                Air            0%         2d(0-16)  100%        4
 Cause Fear               Hex            0%         N/A       100%        4
 Dispel Undead            Necr           0%         3d6       100%        4
 Flame Wave               Conj/Fire      0%         2d4       100%        4
 Ice Form                 Ice/Tmut       0%         N/A       100%        4
 Manifold Assault         Tloc           0%         N/A       100%        4
 Sticky Flame             Conj/Fire      0%         2d3       100%        4
 Summon Ice Beast         Ice/Summ       0%         N/A       100%        4
 Agony                    Necr           0%         N/A       100%        5
 Alistair's Intoxication  Tmut/Pois      0%         N/A       100%        5
 Borgnjor's Vile Clutch   Necr/Erth      0%         N/A       100%        5
 Freezing Cloud           Conj/Ice/Air   0%         6-21      100%        5
 Silence                  Hex/Air        0%         N/A       100%        5
 Summon Forest            Summ/Tloc      0%         N/A       100%        5
 Death Channel            Necr           0%         N/A       100%        6
 Dispersal                Tloc           0%         N/A       100%        6
 Eringya's Noxious Bog    Tmut/Pois      0%         N/A       100%        6
 Summon Cactus Giant      Summ           0%         N/A       100%        6
 Dragon Form              Tmut           0%         N/A       100%        7
 Summon Hydra             Summ           0%         N/A       100%        7
 Disjunction              Tloc           0%         N/A       100%        8
 Ignition                 Fire           0%         3d3       100%        8
 Dragon's Call            Summ           0%         N/A       100%        9


Dungeon Overview and Level Annotations

Branches:
Dungeon (15/15) Zot: 866   Temple (1/1) D:5 Zot: 598    Lair (5/5) D:10 Zot: 0
  Swamp (4/4) Lair:2 Zot: 754  Spider (4/4) Lair:3 Zot: 16   Slime (0/5) Lair:4
    Orc (2/2) D:10 Zot: 569     Elf (0/3) Orc:2        Vaults (2/5) D:13 Zot: 991
 Depths (2/4) D:15 Zot: 740 Ossuary (visited)          Bailey (visited)
  IceCv (visited)         Volcano (visited)
  Crypt: Vaults:2-3

Altars:
Elyvilon
Fedhas
Gozag
Makhleb
Nemelex Xobeh
Qazlal
Ru
Uskayaw
Vehumet
Jiyva

Shops:
D:4 (   D:7 !   Orc:1 *   Orc:2 =*[(

Portals:
Trove: D:12 (give 7 potions of haste)


Innate Abilities, Weirdness & Mutations

You passively map a large area around you.
You are easily found by Zot.
You glow in the dark.
You regain HP and MP as you explore.


Message History

Your earth elemental hits the ironbound thunderhulk!
The crystal guardian fires a crystalline bolt at your water elemental.
The crystal bolt burns your water elemental!!!
Your water elemental is burned terribly!
Your water elemental is destroyed!
Your water elemental disappears in a puff of smoke!
Unknown command.
You bludgeon the ironbound thunderhulk!!
The ironbound thunderhulk is almost dead.
Your +5 spectral eveningstar hits the ironbound thunderhulk.
You feel sick.
Your earth elemental disappears in a puff of smoke!
Your +5 spectral eveningstar is engulfed in blazing flames. x2
Your water elemental hits the crystal guardian.
Your water elemental engulfs the crystal guardian in water!
You block the crystal guardian's attack.
The ironbound thunderhulk is engulfed in freezing vapours.
You kill the ironbound thunderhulk!
Qazlal accepts your kill.
Unknown command.
Unknown command.
Unknown command.
You hit the crystal guardian but do no damage.
The crystal guardian is severely damaged.
Your +5 spectral eveningstar hits the crystal guardian!
You feel sick.
Your water elemental disappears in a puff of smoke!
The crystal guardian fires a crystalline bolt at you.
The crystal bolt burns you!!
* * * LOW HITPOINT WARNING * * *
You hear a sizzling sound!
Unknown command.
Unknown command.
Unknown command.
You feel much better.
Your +5 spectral eveningstar disappears.
You feel sick.
The crystal guardian fires a crystalline bolt at you.
The crystal bolt freezes you!!!
You die...

##.....##......# , , *
#.......#......########.
##.......##..............,
#....<....#..............
, ,
#.........#..............
###########..............
, , , ,......○.......... *
*#####.)9..../...., *, , ,
,,, #☼@)☼......## * ,
#)☼[°......# *,
,#.°).......# ,,
,.'..........# ,, ,
..#..........#
,,....#..........# * *###
#..........# ,,, , ,, ,
........... , , ,,, , ,*


You could see a crystal guardian.

Vanquished Creatures
  A bone dragon (Swamp:4)
  2 tentacled monstrosities
  Zenata (Vaults:1)
  Jorgrun (D:13)
  Asterion (Vaults:1)
  A titan (Depths:1)
  A walking divine tome (D:15)
  2 liches
  Gastronok (D:9)
  Kirke (Lair:3)
  Donald (Swamp:3)
  A tengu reaver (Depths:1)
  3 frost giants (Depths:1)
  A rockslime (IceCv)
  2 azure jellies (IceCv)
  A fire giant (Depths:1)
  7 emperor scorpions
  A vault warden (Vaults:2)
  2 ghouls (Swamp:4)
  3 ghost moths
  A spriggan defender (D:15)
  2 orc warlords
  3 ironbound preservers
  4 quicksilver oozes (IceCv)
  The ghost of hito the Cleaver, a journeyman GnWr of Nemelex Xobeh (Spider:1)
  A very ugly thing (D:15)
  5 stone giants
  An ironbound thunderhulk (Vaults:2)
  Nessos (Lair:3)
  A war gargoyle (Vaults:2)
  5 eleionomae
  4 bunyips
  4 spark wasps
  Snorg (Lair:3)
  4 fire dragons
  3 entropy weavers (Spider:1)
  2 ettins
  A great orb of eyes (Vaults:2)
  Josephine (D:15)
  A yaktaur captain (Vaults:1)
  3 rakshasas (Depths:1)
  A shambling mangrove (Swamp:3)
  Erolcha (Orc:1)
  2 ice dragons
  8 hydras
  A peacekeeper (Vaults:2)
  2 spriggan air magi
  3 two-headed ogres
  5 jorogumos
  5 centaur warriors
  A death knight (D:15)
  A dancing weapon (Volcano)
  3 radroaches
  3 ghost crabs
  5 boulder beetles
  A tengu warrior (D:15)
  A deep troll shaman (Depths:1)
  9 alligators
  6 death yaks
  2 deep troll earth magi
  3 orc high priests (Orc:2)
  3 spriggan berserkers
  2 soul eaters (Depths:1)
  3 iron trolls
  A sun demon (Depths:1)
  10 skeletal warriors
  2 goliath frogs
  6 pharaoh ants
  4 spriggan druids
  4 swamp dragons
  A flayed ghost (Depths:1)
  18 deep trolls
  A sun moth (Spider:3)
  2 orange crystal statues (IceCv)
  7 orb spiders
  2 spectral hydras (Swamp:4)
  6 steelbarb worms
  2 deep elf pyromancers
  5 wizards (Volcano)
  A glowing orange brain (Depths:2)
  7 bog bodies
  2 ironbound convokers
  3 lindwurms
  7 orc knights
  Pikel (D:7)
  2 phantasmal warriors (Swamp:4)
  4 orc sorcerers (Orc:2)
  3 will-o-the-wisps
  18 ugly things
  An oklob plant (Lair:5)
  25 wolf spiders
  A salamander (D:15)
  3 manticores
  3 moths of wrath
  4 cyclopes
  5 elephants (Lair:5)
  5 demonic crawlers
  A salamander (shapeshifter) (D:15)
  5 toenail golems (Volcano)
  10 torpor snails
  3 gargoyles
  A black mamba (Lair:5)
  A vault sentinel (Vaults:1)
  A molten gargoyle (Depths:1)
  13 cane toads
  An unseen horror (D:11)
  3 swamp worm zombies (Swamp:4)
  A kobold demonologist (D:12)
  A yaktaur (shapeshifter) (D:15)
  2 freezing wraiths
  5 komodo dragons
  2 tengu conjurers (D:15)
  A rime drake (Lair:2)
  A yaktaur (Vaults:1)
  5 trolls
  9 polar bears (Lair:5)
  7 tyrant leeches
  3 hydra zombies (Swamp:4)
  18 meliai
  17 hornets
  43 tarantellas
  2 raiju (Lair:5)
  3 alligator zombies (Swamp:4)
  8 blink frogs
  4 spectral swamp dragons (Swamp:4)
  20 dream sheep
  22 culicivoras
  18 jumping spiders
  6 spriggans
  A jumping spider (shapeshifter) (D:15)
  26 slime creatures
  6 wraiths
  2 culicivoras (shapeshifter)
  A shadow (D:10)
  A vampire (D:10)
  4 wyverns
  55 yaks
  5 steam dragons
  3 hogs (Lair:3)
  64 redbacks
  5 basilisks
  A redback (shapeshifter) (D:13)
  12 vampire mosquitoes
  Menkaure (D:6)
  17 swamp worms
  9 wargs
  Edmund (D:4)
  3 acid dragons
  13 hell hounds (Lair:5)
  A floating eye (Depths:2)
  17 water moccasins
  32 orc warriors
  13 black bears
  2 hornet zombies (Ossuary)
  4 ogres
  A sky beast (D:6)
  4 swamp dragon zombies (Swamp:4)
  A boggart (D:14)
  4 great orb of eyes simulacra (IceCv)
  13 wolves
  15 centaurs
  6 slime creature simulacra (IceCv)
  A lemure (D:7)
  4 phantoms (Swamp:4)
  3 kobold brigands
  7 bullfrogs
  Blork the orc (D:6)
  2 necrophages (Swamp:4)
  4 glowing shapeshifter simulacra (IceCv)
  2 wyvern zombies (Ossuary)
  3 scorpions (D:5)
  3 water moccasin zombies (Ossuary)
  5 wights
  17 killer bees
  2 electric eels
  A howler monkey (D:13)
  5 hounds
  4 centaur zombies (Ossuary)
  3 jellies (Lair:4)
  4 bullfrog zombies (Ossuary)
  A sleepcap (D:7)
  Crazy Yiuf (D:4)
  2 gnoll boudas
  23 orc priests
  15 mummies (Ossuary)
  Ijyb (D:3)
  2 iguanas (D:5)
  29 orc wizards
  A spectral swamp drake (Swamp:4)
  3 howler monkey zombies (Ossuary)
  4 gnolls (D:5)
  4 adders
  4 white imps
  An ufetubus (D:5)
  A worm (D:4)
  2 dart slugs (D:1)
  78 orcs
  4 ball pythons
  4 bats
  9 endoplasms
  A giant cockroach (D:1)
  5 goblins
  11 hobgoblins
  4 jackals (D:4)
  16 kobolds
  A quokka (D:1)
  2 frilled lizards (D:1)
  5 rats
  3 butterflies (Lair:3)
  A spectral weapon (Vaults:2)
1209 creatures vanquished.

Vanquished Creatures (collateral kills)
  Mlioglotl (Swamp:3)
  An eleionoma (Swamp:1)
  A bunyip (Swamp:1)
  An alligator (Swamp:3)
  A goliath frog (Swamp:3)
  2 hornets (Lair:5)
7 creatures vanquished.

Vanquished Creatures (others)
  A wizard (Depths:1)
  An unseen horror (D:11)
  5 bloated husks
  A vampire mosquito (Swamp:4)
  A wolf (Lair:5)
  2 phantoms (Swamp:4)
  A spectral swamp drake (Swamp:4)
  An orc (Orc:2)
  10 foxfires
  6 spectral weapons
29 creatures vanquished.

Grand Total: 1245 creatures vanquished

Notes
Turn   | Place    | Note
-------+----------+-------------------------------------------
     0 | D:1      | Daunt the Meteoran Monk began the quest for the Orb.
     0 | D:1      | Reached XP level 1. HP: 19/19 MP: 2/2
    42 | D:1      | Reached XP level 2. HP: 19/26 MP: 3/3
   314 | D:2      | Reached XP level 3. HP: 31/31 MP: 4/4
   418 | D:1      | Reached skill level 5 in Maces & Flails
   610 | D:2      | Found a radiant altar of Vehumet.
   695 | D:2      | Reached XP level 4. HP: 38/38 MP: 5/5
   738 | D:3      | Noticed Ijyb
   749 | D:3      | Killed Ijyb
   750 | D:3      | Reached XP level 5. HP: 44/45 MP: 6/6
  1114 | D:4      | Found a stormy altar of Qazlal.
  1173 | D:4      | Became a worshipper of Qazlal Stormbringer
  1173 | D:4      | Reached * piety under Qazlal
  1173 | D:4      | Reached ** piety under Qazlal
  1191 | D:4      | Noticed Edmund
  1197 | D:4      | Killed Edmund
  1198 | D:4      | Reached XP level 6. HP: 37/51 MP: 7/7
  1261 | D:3      | Found a faded altar of an unknown god.
  1441 | D:3      | Found an opulent altar of Gozag.
  1646 | D:4      | Found Xanuatask's Antique Weapon Emporium.
  1704 | D:4      | You fall into a shaft and drop 3 floors!
  1727 | D:7      | Noticed a centaur
  1743 | D:7      | Reached skill level 1 in Evocations
  1743 | D:7      | Reached XP level 7. HP: 40/58 MP: 8/8
  1778 | D:7      | Reached XP level 8. HP: 34/67 MP: 9/9
  1798 | D:7      | Found Gotsois's Distillery.
  1827 | D:7      | Bought a potion of heal wounds for 65 gold pieces
  1831 | D:7      | Found a flagged portal.
  1832 | D:7      | Noticed a troll
  1848 | D:7      | Killed a troll
  1849 | D:7      | Reached skill level 10 in Maces & Flails
  1861 | Bailey   | Entered a bailey
  1943 | D:6      | Noticed Menkaure
  1957 | D:6      | Killed Menkaure
  1958 | D:6      | Reached skill level 5 in Fighting
  1978 | D:5      | Entered Level 5 of the Dungeon
  2054 | D:6      | Found a sand-covered staircase.
  2070 | Ossuary  | Entered an ossuary
  2126 | Ossuary  | Reached *** piety under Qazlal
  2127 | Ossuary  | Gained mutation: You passively map the area around you.
                  | [Meteoran growth]
  2127 | Ossuary  | Reached XP level 9. HP: 68/74 MP: 10/10
  2198 | Ossuary  | Reached skill level 5 in Evocations
  2205 | Ossuary  | Reached skill level 1 in Armour
  2468 | D:6      | Noticed Blork the orc
  2469 | D:6      | Killed Blork the orc
  2470 | D:6      | Reached skill level 1 in Invocations
  2520 | D:6      | Reached XP level 10. HP: 66/84 MP: 11/13
  2776 | D:5      | Found a staircase to the Ecumenical Temple.
  2792 | D:5      | Reached **** piety under Qazlal
  2807 | Temple   | Entered the Ecumenical Temple
  2833 | D:5      | Reached skill level 5 in Invocations
  3280 | D:4      | Found a blossoming altar of Fedhas.
  3366 | D:4      | Found a runed translucent door.
  3367 | D:4      | Noticed Crazy Yiuf
  3374 | D:4      | Killed Crazy Yiuf
  3580 | D:6      | Found a sparkling altar of Nemelex Xobeh.
  3630 | D:7      | Noticed Pikel
  3650 | D:7      | Killed Pikel
  3826 | D:8      | Noticed a manticore
  3847 | D:8      | Killed a manticore
  3848 | D:8      | Reached skill level 5 in Armour
  3848 | D:8      | Reached skill level 5 in Dodging
  3848 | D:8      | Reached XP level 11. HP: 90/92 MP: 18/18
  3885 | D:8      | Identified a scroll of acquirement
  3888 | D:8      | Acquired a manual of Invocations
  4288 | D:9      | Noticed Gastronok
  4322 | D:9      | Killed Gastronok
  4323 | D:9      | Reached skill level 10 in Invocations
  4356 | D:9      | Reached ***** piety under Qazlal
  4357 | D:9      | Found a white marble altar of Elyvilon.
  4460 | D:9      | Noticed a two-headed ogre
  4477 | D:9      | Killed a two-headed ogre
  4515 | D:10     | Entered Level 10 of the Dungeon
  4781 | D:10     | Found a staircase to the Orcish Mines.
  4856 | D:10     | Reached XP level 12. HP: 81/102 MP: 22/22
  4904 | D:10     | Found a staircase to the Lair.
  5595 | D:11     | Noticed a two-headed ogre
  5622 | D:11     | Killed a two-headed ogre
  5640 | D:11     | Reached skill level 15 in Invocations
  5683 | D:11     | Identified the +3 leather armour of Fafabozy {Int+3}
  6033 | D:12     | Found a portal to a secret trove of treasure.
  6040 | D:12     | Noticed a deep elf pyromancer
  6052 | D:12     | Killed a deep elf pyromancer
  6173 | D:13     | Reached XP level 13. HP: 66/111 MP: 26/26
  6300 | D:12     | Identified the ring of Nabonwuz {Will+ AC+4 Dex+3}
  6661 | D:13     | Noticed a boulder beetle
  6666 | D:13     | Killed a boulder beetle
  6669 | D:13     | Noticed Jorgrun
  6705 | D:13     | Killed Jorgrun
  6706 | D:13     | Reached skill level 1 in Throwing
  6716 | D:13     | Identified the +2 robe "Feiminex" {MP+9 Str+4}
  6728 | D:13     | Reached skill level 10 in Fighting
  6763 | D:13     | Noticed a centaur warrior
  6874 | D:12     | Killed a centaur warrior
  6972 | D:13     | Noticed an ice dragon
  6978 | D:13     | Noticed a two-headed ogre
  6988 | D:13     | Killed an ice dragon
  7003 | D:13     | Killed a two-headed ogre
  7022 | D:13     | Found a gate to the Vaults.
  7273 | D:14     | Noticed an eight-headed hydra
  7364 | D:13     | Reached ****** piety under Qazlal
  7564 | Lair:1   | Entered Level 1 of the Lair of Beasts
  7588 | D:10     | Reached skill level 10 in Armour
  7588 | D:10     | Reached skill level 10 in Dodging
  7589 | D:10     | Reached XP level 14. HP: 87/122 MP: 27/27
  7838 | Lair:1   | Reached skill level 5 in Throwing
  8218 | Lair:2   | Found a staircase to the Swamp.
  8428 | Lair:3   | Noticed Nessos
  8441 | Lair:3   | Killed Nessos
  8525 | Lair:3   | Noticed Snorg
  8565 | Lair:3   | Killed Snorg
  8635 | Lair:3   | Noticed Kirke
  8659 | Lair:3   | Killed Kirke
  8702 | Lair:3   | Found a hole to the Spider Nest.
  9014 | Lair:4   | Found a staircase to the Slime Pits.
  9014 | Lair:4   | Found a viscous altar of Jiyva.
  9159 | Lair:4   | Reached XP level 15. HP: 123/132 MP: 28/28
  9266 | Lair:4   | Found a dark tunnel.
  9325 | Volcano  | Entered a volcano
  9807 | Lair:5   | Entered Level 5 of the Lair of Beasts
  9816 | Lair:5   | Reached skill level 1 in Shields
  9826 | Lair:5   | Reached skill level 2 in Shields
  9839 | Lair:5   | Reached skill level 3 in Shields
  9869 | Lair:5   | Reached skill level 4 in Shields
  9944 | Lair:5   | Reached skill level 5 in Shields
 10037 | Lair:5   | Reached skill level 6 in Shields
 10124 | Lair:5   | Reached skill level 7 in Shields
 10246 | Lair:5   | Reached skill level 8 in Shields
 10405 | Lair:5   | Reached skill level 9 in Shields
 10410 | Lair:5   | Found a runed translucent door.
 10430 | Lair:5   | Paralysed by a hornet for 1 turns
 10466 | Lair:5   | Reached skill level 10 in Shields
 10471 | Lair:5   | Reached XP level 16. HP: 64/141 MP: 25/29
 10734 | Lair:5   | Reached skill level 11 in Shields
 10943 | Lair:5   | Reached skill level 12 in Shields
 11024 | Lair:5   | Acquired 615 gold pieces
 11086 | Spider:1 | Entered Level 1 of the Spider Nest
 11088 | Spider:1 | Noticed hito's ghost (journeyman GnWr)
 11093 | Spider:1 | Found a runed translucent gate.
 11093 | Spider:1 | Found a runed translucent gate.
 11094 | Spider:1 | Noticed an emperor scorpion
 11265 | Spider:1 | Noticed an emperor scorpion
 11266 | Spider:1 | Noticed a ghost moth
 11295 | Spider:1 | Found a runed translucent gate.
 11319 | Spider:1 | Reached skill level 10 in Throwing
 11570 | Spider:2 | Noticed an emperor scorpion
 11607 | Spider:1 | Killed an emperor scorpion
 11668 | Spider:1 | Found a hide-covered altar of Uskayaw.
 11759 | Spider:2 | Noticed an emperor scorpion
 11815 | Spider:2 | Reached XP level 17. HP: 104/148 MP: 30/30
 12504 | Spider:3 | Reached skill level 13 in Shields
 12538 | Spider:4 | Entered Level 4 of the Spider Nest
 12569 | Spider:3 | HP: 4/213 [wolf spider (27)]
 12738 | Spider:4 | Reached skill level 14 in Shields
 13009 | Spider:4 | Reached skill level 15 in Shields
 13053 | Spider:4 | Gained mutation: You passively map a large area around you.
                  | [Meteoran growth]
 13053 | Spider:4 | Reached XP level 18. HP: 158/158 MP: 31/31
 13224 | Spider:4 | Reached skill level 16 in Shields
 13488 | Spider:4 | Reached skill level 17 in Shields
 13527 | Spider:4 | Got a gossamer rune of Zot
 13891 | Spider:1 | Killed hito's ghost
 13917 | Spider:1 | Glimpsed the power of Zot.
 13967 | Spider:1 | Glimpsed the power of Zot.
 13998 | Spider:1 | Reached skill level 18 in Shields
 13998 | Spider:1 | Reached XP level 19. HP: 165/165 MP: 32/32
 14050 | Lair:2   | Glimpsed the power of Zot.
 14052 | Swamp:1  | Entered Level 1 of the Swamp
 14075 | Swamp:1  | Reached skill level 19 in Shields
 14555 | Swamp:3  | Reached skill level 20 in Shields
 14558 | Swamp:3  | Reached skill level 10 in Evocations
 14620 | Swamp:3  | Reached XP level 20. HP: 173/173 MP: 33/33
 14653 | Swamp:4  | Entered Level 4 of the Swamp
 14702 | Swamp:3  | Noticed Mlioglotl
 14714 | Swamp:3  | Noticed a bone dragon
 14717 | Swamp:3  | Killed Mlioglotl
 14761 | Swamp:3  | Noticed Donald
 14774 | Swamp:3  | Killed Donald
 14792 | Swamp:3  | Noticed a tentacled monstrosity
 14815 | Swamp:3  | Killed a tentacled monstrosity
 15296 | Swamp:4  | Noticed a bone dragon
 15339 | Swamp:4  | Killed a bone dragon
 15435 | Swamp:4  | Got a decaying rune of Zot
 15466 | Swamp:4  | Acquired the +1 pair of boots "Elyf" {rElec}
 15538 | Swamp:4  | Reached skill level 15 in Fighting
 15851 | Lair:1   | Glimpsed the power of Zot.
 15891 | Lair:1   | Glimpsed the power of Zot.
 15911 | Orc:1    | Entered Level 1 of the Orcish Mines
 15911 | Orc:1    | Noticed Erolcha
 15919 | Orc:1    | Killed Erolcha
 15985 | Orc:1    | Found Togasuc's Assorted Antiques.
 15993 | Orc:1    | Bought a scroll of teleportation for 87 gold pieces
 15993 | Orc:1    | Bought 2 potions of haste for 580 gold pieces
 16080 | Orc:2    | Entered Level 2 of the Orcish Mines
 16160 | Orc:2    | Found a burning altar of Makhleb.
 16163 | Orc:2    | Found a staircase to the Elven Halls.
 16430 | Orc:2    | Found Qoso's General Store.
 16431 | Orc:2    | Found Omibas's Jewellery Shop.
 16432 | Orc:2    | Found Ahexuemo's Antique Armour Boutique.
 16432 | Orc:2    | Found Xonumas's Antique Weapon Boutique.
 16448 | Orc:2    | Bought a scroll of fog for 64 gold pieces
 16448 | Orc:2    | Bought an amulet of guardian spirit for 480 gold pieces
 16467 | Orc:2    | Bought the +0 pair of fencer's gloves {Riposte Dex+3} for
                  | 1120 gold pieces
 16467 | Orc:2    | Found the +0 pair of fencer's gloves {Riposte Dex+3}
 16932 | D:15     | Entered Level 15 of the Dungeon
 16944 | D:15     | Noticed Josephine
 16953 | D:15     | Killed Josephine
 17019 | D:15     | Found a frozen archway.
 17062 | D:15     | Reached XP level 21. HP: 185/185 MP: 35/35
 17108 | IceCv    | Entered an ice cave
 17158 | IceCv    | Reached skill level 15 in Dodging
 17179 | IceCv    | Reached skill level 15 in Armour
 17425 | IceCv    | Found a viscous altar of Jiyva.
 17443 | IceCv    | Got the ring "Telirif" {rC+ Int+2}
 17446 | IceCv    | Got the ring "Foegouti" {rPois rC+ Str+3 Int+4 Stlth-}
 18373 | D:15     | Found a staircase to the Depths.
 18389 | Depths:1 | Entered Level 1 of the Depths
 18408 | Depths:1 | Noticed a tentacled monstrosity
 18439 | D:15     | Killed a tentacled monstrosity
 18802 | Depths:1 | Reached XP level 22. HP: 199/199 MP: 36/36
 18975 | Depths:1 | Found a sacrificial altar of Ru.
 19043 | Depths:2 | Paralysed by a floating eye for 2 turns
 19197 | Vaults:1 | Entered Level 1 of the Vaults
 19197 | Vaults:1 | Noticed Asterion
 19203 | Vaults:1 | Noticed Zenata
 19205 | Vaults:1 | Killed Asterion
 19223 | Vaults:1 | Killed Zenata
 19417 | Vaults:2 | Killed from afar by a crystal guardian

Illustrated notes

Levels and vault maps discovered:
D:1:      dpeg_arrival_houses_and_road, layout_loops_ring
D:2:      layout_loops_ring, basic_altar
D:3:      minmay_skewed_foursquare, layout_loops_corners,
          mainiacjoe_overflow_alcove_1,
          shapermc_ecumenical_altar_mp_urbaneastern, nicolae_hexahallways,
          uniq_ijyb
D:4:      layout_basic, lemuel_zombie_altar_yredelemnul, fedhas_altar_4,
          mainiacjoe_overflow_cross_hatched, serial_shops,
          nicolae_shop_tiny_real_fake_doors, minivault_4,
          uniq_crazy_yiuf_cottage, uniq_edmund
D:5:      layout_cave_pools, minmay_temple_entry_offerings
D:6:      layout_basic, overflow_temple_1_default, nicolae_ossuary_entry_ruins,
          minmay_misc_feat_encased, chequers_serial_rivers_micro_e,
          uniq_menkaure, uniq_blork_the_orc
D:7:      layout_loops_ring, serial_shops, nicolae_shop_getting_attention,
          enter_bailey_2, uniq_pikel
D:8:      layout_cave_pools
D:9:      layout_loops_ring, mainiacjoe_overflow_small_starburst, uniq_gastronok
D:10:     layout_basic, lair_entry_dummy, david_orc_3
D:11:     layout_loops_ring
D:12:     layout_irregular_city, nicolae_trove_entry_free_sample,
          nrook_mini_backslash
D:13:     layout_roguey, david_vaults_4, special_room [special_room_bee],
          minmay_splitting_lines, uniq_jorgrun
D:14:     layout_loops_corners, bloody_trog, st_stairs_11
D:15:     hangedman_depths_entry_try_elsewhere_first, layout_gridville,
          portal_ice_cave_entry_pillars_four, minmay_misc_feat_five,
          uniq_josephine
Temple:   minmay_temple_bridge_d
Lair:1:   layout_chaotic_city
Lair:2:   layout_gridlike, swamp_mist, chequers_serial_rivers_small_a,
          minmay_holes, serial_bayou_pond_a, dreamdust_gnoll_shepherd,
          infiniplex_staircase_pool
Lair:3:   layout_loops_ring, spider_nest_entry_webs, lemuel_fruit_fields,
          uniq_snorg, uniq_kirke, uniq_nessos
Lair:4:   layout_gridlike, nicolae_slime_entry_slimehenge,
          nicolae_volcano_entry_vermiform, grunt_megastairs_1
Lair:5:   wormcave, layout_cave_pods, hangedman_lair_caniforms_friends,
          minmay_lair_oklob_bushes
Swamp:1:  layout_basic_swamp, hangedman_swamp_cone
Swamp:2:  layout_basic_swamp, hangedman_swamp_blocks, swamp_pool1,
          infiniplex_staircase_pool_2
Swamp:3:  layout_falls_marsh, evilmike_swamp_ruin_house_1, uniq_donald,
          uniq_mlioglotl
Swamp:4:  swamp_pestilence, layout_basic_swamp
Spider:1: layout_spider_delve, gammafunk_ghost_split,
          nicolae_spider_altar_of_dancing
Spider:2: layout_spider_delve, hive_lemuel
Spider:3: layout_spider_delve
Spider:4: spider_rune_water
Orc:1:    layout_diamond_mine, serial_shops, shop, basic_altar, uniq_erolcha
Orc:2:    st_orc_congregation, layout_diamond_mine, bloody_makhleb
Vaults:1: gammafunk_ghost_spectres, nicolae_vaults_shipping_containers_5,
          nicolae_vaults_wine_cellar, nicolae_vaults_network_quinsquares
          [nicolae_vaults_network_quincunx_subvault,
          nicolae_vaults_network_quincunx_subvault,
          nicolae_vaults_network_quincunx_subvault,
          nicolae_vaults_network_quincunx_subvault],
          nicolae_vaults_hallways_thing, nicolae_vaults_little_squares_3,
          vaults_dpeg_doors, ontoclasm_vaults_bender,
          nicolae_vaults_offset_grid_hallway_1,
          nicolae_vaults_closet_pinwheel_4, nicolae_vaults_little_ls,
          nicolae_vaults_trapezoid_lopsided_1, v_alt_pattern_4,
          grunt_vaults_focal, v_rooms_3, layout_vaults_omnibox, uniq_asterion,
          uniq_zenata
Vaults:2: hangedman_vaults_unwind, minmay_crypt_entry_simple_statues,
          nicolae_vaults_trapezoid_1, nicolae_vaults_storage_closets_2,
          hangedman_vaults_maws, nicolae_vaults_little_guard_posts,
          nicolae_vaults_trapezoid_layered, nicolae_vaults_yaktaur_gun_rack,
          nicolae_vaults_weapon_check, nicolae_vaults_tetromino_Z_2,
          layout_vaults_omnigrid
Depths:1: nzn_winding_woodlands_stair_cross [nzn_winding_woodlands_5x15_pockets,
          nzn_winding_woodlands_center_lodge,
          nzn_winding_woodlands_5x15_longhouse,
          nzn_winding_woodlands_5x5_open_star, nzn_winding_woodlands_hourglass,
          nzn_winding_woodlands_5x15_twine,
          nzn_winding_woodlands_center_triple_pond,
          nzn_winding_woodlands_5x15_garden], layout_gridville, hellmouth_1,
          nicolae_uskayaw_murder_on_the_dancefloor,
          nicolae_ru_the_path_less_chosen
Depths:2: minmay_imperfect_grid, layout_basic, rand_demon_pan_entry_4,
          minmay_misc_feat_nine_boxes, serial_bayou, serial_bayou_pond_c,
          serial_bayou_pond_a, serial_bayou_pond_e, serial_bayou_pond_e,
          hell_entry, infiniplex_staircase_squiggle, uniq_mara, uniq_nikola

Skill      XL: |  1  2  3  4  5  6  7  8  9 10 11 12 13 14 15 16 17 18 19 20 21 22 |
---------------+-------------------------------------------------------------------+-----
Maces & Flails | 5 6 8 9 11 12 13 14 | 14.0
Evocations     | 1 2 4 5 6 7 8 9 10 11 | 11.5
Fighting       | 4 5 6 7 8 9 10 11 12 13 15 17 | 17.6
Armour         | 4 5 6 8 10 11 12 13 14 15 16 | 16.2
Invocations    | 2 8 12 16 17 18 19 | 19.8
Dodging        | 5 6 8 10 11 12 13 14 15 | 15.7
Throwing       | 4 7 8 10 11 | 11.5
Shields        | 10 12 15 18 20 | 20.0

Action                     |  1- 3 |  4- 6 |  7- 9 | 10-12 | 13-15 | 16-18 | 19-21 | 22-24 || total
---------------------------+-------+-------+-------+-------+-------+-------+-------+-------++-------
  Melee: Mace              |    57 |    86 |       |       |       |       |       |       ||   143
         Morningstar       |       |     3 |       |       |       |       |       |       ||     3
         Dire flail        |       |    53 |   264 |   701 |   893 |       |       |       ||  1911
         Demon whip        |       |       |       |       |   169 |  1498 |  1668 |   143 ||  3478
         Great mace        |       |       |       |       |    80 |       |       |       ||    80
         Eveningstar       |       |       |       |       |       |       |       |    45 ||    45
  Throw: Stone             |       |       |     3 |       |     3 |       |       |       ||     6
         Dart              |       |       |       |       |     7 |       |       |       ||     7
         Boomerang         |       |       |       |       |     7 |     5 |     5 |       ||    17
 Invoke: Elemental Force   |       |       |       |       |     1 |       |     3 |     1 ||     5
         Upheaval          |       |       |       |       |       |     5 |     2 |       ||     7
  Evoke: Wand              |       |     6 |     1 |     4 |    18 |     9 |     8 |     9 ||    55
         Tin of tremorston |       |       |       |       |       |       |       |     2 ||     2
    Use: Potion            |       |     1 |       |       |     2 |     4 |     5 |     1 ||    13
         Scroll            |       |     3 |     3 |     7 |    12 |    11 |     4 |     2 ||    42
   Stab: Sleeping          |     1 |       |       |       |       |       |       |       ||     1
         Paralysed         |       |     8 |       |       |     4 |       |     6 |       ||    18
         Distracted        |       |       |       |       |       |       |     1 |     1 ||     2
 Armour: Robe              |    13 |       |       |       |       |       |       |       ||    13
         Ring mail         |     3 |    11 |       |       |       |       |       |       ||    14
         Scale mail        |       |    25 |       |    25 |    23 |       |       |       ||    73
         Chain mail        |       |    14 |   119 |    65 |       |       |       |       ||   198
         Plate armour      |       |       |       |   113 |   465 |   393 |   271 |    47 ||  1289
  Dodge: Dodged            |    32 |    68 |    80 |   265 |   410 |   309 |   288 |    66 ||  1518
         Repelled          |       |       |       |     4 |     7 |     4 |     9 |     3 ||    27
  Block: Other             |       |     2 |    32 |   144 |   311 |       |       |       ||   489
         Kite shield       |       |       |       |       |   108 |   927 |       |       ||  1035
         Tower shield      |       |       |       |       |       |   954 |  1778 |   231 ||  2963
         Reflection        |       |       |       |       |       |     4 |    30 |       ||    34
Riposte: Demon whip        |       |       |       |       |       |       |   226 |    49 ||   275
         Eveningstar       |       |       |       |       |       |       |       |    33 ||    33
